 Dungeon Crawl Stone Soup version 0.29-a0-823-gc37b1572da (webtiles) character file.

Game seed: 11060957185393389796

37 buhh the Insei (level 3, 0/34 HPs)
             Began as an Octopode Transmuter on July 8, 2022.
             Frozen to death by an endoplasm (5 damage)
             ... on level 2 of the Dungeon.
             The game lasted 00:01:42 (775 turns).

buhh the Insei (Octopode Transmuter)                 Turns: 775, Time: 00:01:43

Health: 0/34       AC: 21    Str:  9    XL:     3   Next: 41%
Magic:  6/6        EV:  2    Int: 17    God:
Gold:   63         SH:  0    Dex: 12    Spells: 5/6 levels left

rFire   . . .      SeeInvis +     - Unarmed
rCold   . . .      Faith    .   (no shield)
rNeg    . . .      Spirit   .   (helmet currently unavailable)
rPois   +          Reflect  .   d - amulet of magic regeneration
rElec   .          Harm     .   f - ring of see invisible
rCorr   .          Rampage  .   (no ring)
Will    .....      NoTele   +   (no ring)
Stlth   ++........              (no ring)
HPRegen 0.11/turn               (no ring)
MPRegen 0.50/turn               (no ring)
                                (no ring)
                                (no ring)

@: tree-form
A: stationary, stasis, torment immunity, boosted hp, almost no armour,
(amphibious), 8 rings, (camouflage 1), (gelatinous body 1), (nimble swimmer 1),
(tentacles)
a: no special abilities


You were on level 2 of the Dungeon.
You were a tree.
You visited 1 branch of the dungeon, and saw 2 of its levels.

You collected 63 gold pieces.

Inventory:

Missiles
 b - a throwing net
 c - 3 poisoned darts
Jewellery
 d - an amulet of magic regeneration (around neck)
 f - a ring of see invisible (left branch)
Scrolls
 g - a scroll of teleportation {!d}
 h - a scroll of poison {unknown}
 i - a scroll of torment {unknown}
 j - a scroll of enchant weapon {unknown}
Potions
 e - a potion of resistance {unknown}


   Skills:
 + Level 1.6 Fighting
 + Level 2.4 Dodging
 - Level 2.0 Stealth
 + Level 3.3 Unarmed Combat
 - Level 2.0 Spellcasting
 - Level 2.0 Transmutations
 - Level 1.0 Poison Magic


You had 5 spell levels left.
You knew the following spells:

 Your Spells              Type           Power      Damage    Failure   Level
a - Beastly Appendage     Tmut           16%        N/A       9%          1

Your spell library contained the following spells:

 Spells                   Type           Power      Damage    Failure   Level
 Wereblood                Tmut           8%         N/A       13%         2
 Spider Form              Tmut/Pois      6%         N/A       30%         3
 Stone Arrow              Conj/Erth      2%         3d7       50%         3
 Ice Form                 Ice/Tmut       5%         N/A       77%         4
 Lehudib's Crystal Spear  Conj/Erth      0%         10d2      100%        8
 Animate Armour           Summ/Erth      Unusable   N/A       N/A         4

Dungeon Overview and Level Annotations

Branches:
Dungeon (2/15) Zot: 11227

Altars:

Shops:
D:1 :


Innate Abilities, Weirdness & Mutations

You are a tree.
Your roots penetrate the ground, keeping you stationary.
You cannot be teleported.
You are immune to unholy pain and torment.
Your maximum health is greatly increased.
You cannot wear most types of armour.
((You are amphibious.))
You can wear up to eight rings at the same time.
((Your skin changes colour to match your surroundings (Stealth+).))
((Your rubbery body absorbs attacks. (AC +1, EV +1)))
((You are camouflaged when in or above water. (Stealth+)))
((You have tentacles for arms and can constrict up to eight enemies at once.))


Message History

j - a scroll labelled TERYERGHUSOG A bat comes into view.
A goblin comes into view. It is wielding a +0 dagger.
The goblin shouts!
The goblin unwields a +0 dagger.
The goblin wields a +0 sling.
The goblin shoots a sling bullet.
The sling bullet closely misses you.
The goblin shoots a sling bullet.
The sling bullet hits you.
An endoplasm comes into view.
The bat hits you.
The goblin unwields a +0 sling.
The goblin wields a +0 dagger.
The goblin hits you with a +0 dagger.
You see here 9 gold pieces.
You tentacle-slap the goblin. Your grab misses the goblin.
You squeeze the goblin.
You kill the goblin!
The bat hits you but does no damage. The bat attacks as you move away!
The bat hits you but does no damage. The bat barely misses you.
The bat hits you.
Things that are here:
a +0 dagger; a +0 sling You closely miss the bat.
Your grab misses the bat. The bat closely misses you. The bat hits you.
You see here 9 gold pieces.
Casting: Beastly Appendage (safe; 9% risk of failure)
Press: ? - help, Q - select action, (/) - cycle Dir - look around, f - activate One of your tentacles grows a vicious spike.
The bat closely misses you. The endoplasm freezes you.
You are frozen.
* * * LOW HITPOINT WARNING * * *
Really quaff the potion of lignification?
Your tentacle spike disappears.
You turn into a tree.
Your roots penetrate the ground.
The bat hits you but does no damage.
The endoplasm hits you but does no damage.
You hit the endoplasm.
The endoplasm is lightly wounded.
The bat hits you but does no damage. x2
The endoplasm freezes you.
You are frozen.
You die...

.............. ###.
.............#. ......
#.#............. ..# ..
............#.# ..# #.#
#............#
######.#####..........#.+
##......................#
##..............b.....#.#
##..............♣).......
.................J....#.#
.............[.###......#
..........###### #######
..........# .....######
.....# .)...# .....#


You could see an endoplasm and a bat.

Vanquished Creatures
  An adder (D:2)
  A dart slug (D:1)
  A bat (D:1)
  5 endoplasms
  2 giant cockroaches (D:1)
  3 goblins
  2 hobgoblins
  A quokka (D:1)
  A ball python (D:1)
  2 frilled lizards (D:1)
  3 kobolds
  2 rats (D:1)
24 creatures vanquished.

Notes
Turn   | Place    | Note
-------+----------+-------------------------------------------
     0 | D:1      | buhh the Octopode Transmuter began the quest for the Orb.
     0 | D:1      | Reached XP level 1. HP: 13/13 MP: 3/3
   152 | D:1      | Reached XP level 2. HP: 18/18 MP: 3/5
   196 | D:1      | Found Deixty Lunorch's Vocational Training.
   687 | D:2      | Reached XP level 3. HP: 21/23 MP: 6/6
   775 | D:2      | Frozen to death by an endoplasm

Illustrated notes

Levels and vault maps discovered:
D:1:      nzn_arrival_depleted_hourglass, layout_rooms, nicolae_shop_vocational
D:2:      layout_basic, minmay_misc_feat_doors

Skill      XL: |  1  2 |
---------------+-------+-----
Stealth        | 1 2 |  2.0
Poison Magic   | 1 |  1.0
Fighting       | |  1.6
Dodging        | |  2.4
Unarmed Combat | |  3.3
Spellcasting   | |  2.0
Transmutations | |  2.0

Action                   || total
-------------------------++-------
Melee: Unarmed           ||    48
       Tentacles         ||    11
       Constrict         ||    10
       Kick              ||     6
       Punch             ||     2
 Cast: Beastly Appendage ||    12
  Use: Scroll            ||     3
       Potion            ||     1
 Stab: Sleeping          ||     7
Armor: Skin              ||    11
Dodge: Dodged            ||    32

Table legend: (Time is in decaauts)
 A = Elapsed time spent in this place.
 B = Non-inter-level travel time spent in this place.
 C = Inter-level travel time spent in this place.
 D = Time resting spent in this place.
 E = Time spent auto-exploring this place.
 F = Levels seen in this place.
 G = Mean time per level.
                   A        B        C        D        E       F      G
               +--------+--------+--------+--------+--------+-----+--------+
         Total |    771 |    757 |     14 |      0 |    443 |   2 |  385.5 |
       Dungeon |    771 |    757 |     14 |      0 |    443 |   2 |  385.5 |
               +--------+--------+--------+--------+--------+-----+--------+

Top non-repeatable levels by time:
     D:1: 632 daAuts
     D:2: 138 daAuts
